Connexion

NEW YORK Islanders vs COLUMBUS Blue Jackets

Created - 7 avril 2024 at 06:04

Goals
1 2 3 T
NEW YORK Islanders 0 3 0 3
COLUMBUS Blue Jackets 1 2 3 6
Shots
1 2 3 T
NEW YORK Islanders 5 13 5 23
COLUMBUS Blue Jackets 9 13 10 32

GoalsPenalties
1st period
1. COLUMBUS Blue Jackets , Yan Gourde 24 (Colin Blackwell 21) at 3:25
Will Borgen (CLB) for Cross-checking (Minor) at 9:43
Jeff Skinner (NYI) for Holding (Minor) at 17:48
2nd period
2. NEW YORK Islanders , Patrik Laine 22 (Adam Pelech 24) at 1:53
3. COLUMBUS Blue Jackets , Tyler Johnson 41 (Jack Roslovic 57) at 4:38
4. NEW YORK Islanders , Jeff Skinner 42 (Kyle Palmieri 51, Marco Scandella 37) at 7:34
5. NEW YORK Islanders , Jeff Skinner 43 (Marco Scandella 38, Kevin Shattenkirk 51) at 15:25
6. COLUMBUS Blue Jackets , Artturi Lehkonen 21 (Jack Roslovic 58, Sven Baertschi 22) at 15:43
Marco Scandella (NYI) for Hooking (Minor) at 17:58
3rd period
7. COLUMBUS Blue Jackets , Jack Roslovic 47 (Will Borgen 15) at 1:37
8. COLUMBUS Blue Jackets , Jack Roslovic 48 (Tyler Johnson 54, Pierre-luc Dubois 65) at 16:24 (PP)
9. COLUMBUS Blue Jackets , Yan Gourde 25 (Colin Blackwell 22, Dante Fabbro 45) at 17:58
Pierre-luc Dubois (CLB) for Hooking (Minor) at 11:33
Patrik Laine (NYI) for Roughing (Minor) at 16:01
Goalie Stats
Alex Lyon (NYI), 26 saves from 32 shots - (0,813), L, 3-7-2, 60:00 minutes
Chris Driedger (CLB), 20 saves from 23 shots - (0,870), W, 13-6-1, 60:00 minutes
3 StarsOfficial
1 - Jack Roslovic (CLB)
2 - Yan Gourde (CLB)
3 - Artturi Lehkonen (CLB)
Referees : Kelly Sutherland and Ian Walsh
Linesman : Jonny Murray and Steve Barton
Game Note
No Game Note
Finance
Level 1 -- Attendance: 6000 (100,00%) -- Ticket Income $780,000
Level 2 -- Attendance: 5144 (100,00%) -- Ticket Income $437,240
Level 3 -- Attendance: 2000 (100,00%) -- Ticket Income $110,000
Level 4 -- Attendance: 3603 (90,08%) -- Ticket Income $126,105
Luxury Box -- Attendance: 1000 (100,00%) -- Ticket Income $235,000
Game was played at the Nationwide Arena.
Total Attendance: 17747 (97,81%)
Total Ticket Income: $1,688,345
Other Income: $337,669
Total Income: $2,026,014



Team Name Goals Shots Shots Attemp Shots Blocked PIM HIT PP PK FO%
NEW YORK Islanders 323476660 / 2 (0%)143%
COLUMBUS Blue Jackets 6325894221 / 3 (33%)057%

NEW YORK Islanders
Player Name POS G A P +/- PIM HIT SHT SB MP PP MP PP SHT PK MP PK SHT FO% FOT
Adam HenriqueC/LW0001001022:552:1801:28050% 2
Adam PelechD0110012121:111:4002:0400% 0
Alexander RadulovRW000000007:200:0000:0000% 0
Anthony DuclairLW/RW0000004017:271:4010:00050% 2
Brendan LeipsicC/LW000-300119:250:0000:0000% 0
Brendan LemieuxLW000001008:480:0001:2800% 1
Calle RosenD0000000021:211:4002:1400% 0
Ilya MikheyevRW000-3001011:350:0002:1000% 0
Jeff SkinnerC/LW2021202022:082:1800:42037% 30
Josh BaileyC/LW/RW0000004017:271:4000:00056% 18
Kevin ShattenkirkD0110000125:222:1802:0700% 0
Kyle PalmieriRW0111004023:422:1802:15075% 4
Marco ScandellaD0220220124:352:1801:2100% 0
Nicklas BackstromC000000107:200:0000:00060% 5
Nikolai KnyzhovD000-2001013:170:0000:0000% 0
Patrik LaineLW/RW1010202018:051:4000:390100% 1
Riley StillmanD000-2010214:130:0000:5600% 0
Vincent TrocheckC000-301009:250:0000:00011% 9
COLUMBUS Blue Jackets
Player Name POS G A P +/- PIM HIT SHT SB MP PP MP PP SHT PK MP PK SHT FO% FOT
Artturi LehkonenLW/RW1012013011:240:0000:0000% 0
Bo HorvatC0000022022:441:5201:00159% 17
Carson SoucyD000-1010220:591:5201:5000% 0
Colin BlackwellC/LW/RW0220011022:491:5201:0500% 1
Dante FabbroD0110011124:522:2902:0800% 0
Jack RoslovicC/RW2242006024:392:2922:09056% 34
John MarinoD0000001124:522:2902:0800% 0
Jordan GrossD0003000014:090:0000:0000% 0
Justin DanforthRW0000010110:450:0000:00050% 2
Nick PaulLW000000001:030:0000:0000% 1
Nino NiederreiterLW/RW0000003111:260:0000:410100% 1
Pierre-luc DuboisC/LW0110246123:572:2901:04067% 12
Rudolfs BalcersLW/RW000000000:000:0000:0000% 0
Sven BaertschiLW0112010012:370:0001:1300% 2
Tyler JohnsonC/LW/RW1120004012:532:2900:440100% 1
Will BorgenD0113250214:080:0000:0000% 0
William LagessonD000-1020020:591:5201:5000% 0
Yan GourdeC/LW/RW2020035021:441:5210:000100% 1



Play-by-Play

1st period


0:01 of 1st period - Jack Roslovic wins face-off versus Jeff Skinner in neutral zone.
0:04 of 1st period - Shot by Tyler Johnson.
0:04 of 1st period - Stopped by Alex Lyon without a rebound.
0:05 of 1st period - Josh Bailey wins face-off versus Bo Horvat in NEW YORK Islanders zone.
0:05 of 1st period - Calle Rosen is hit by Colin Blackwell.
0:08 of 1st period - Anthony Duclair is hit by Bo Horvat and loses puck.
0:48 of 1st period - Shot by Anthony Duclair.
0:48 of 1st period - Stopped by Chris Driedger with a rebound.
1:55 of 1st period - Adam Pelech is hit by Pierre-luc Dubois and loses puck.
2:11 of 1st period - Icing by Sven Baertschi.
2:12 of 1st period - Jeff Skinner wins face-off versus Nick Paul in COLUMBUS Blue Jackets zone.
2:45 of 1st period - Shot by Nick Paul.
2:45 of 1st period - Shot Misses the Net.
2:47 of 1st period - Shot by Artturi Lehkonen.
2:47 of 1st period - Shot Misses the Net.
2:49 of 1st period - Shot by Jordan Gross.
2:49 of 1st period - Shot Misses the Net.
3:25 of 1st period - Shot by Yan Gourde.
3:25 of 1st period - Goal by Yan Gourde - NEW YORK Islanders : 0 - COLUMBUS Blue Jackets : 1.
3:26 of 1st period - Pierre-luc Dubois wins face-off versus Vincent Trocheck in neutral zone.
3:38 of 1st period - Off-side.
3:39 of 1st period - Jack Roslovic wins face-off versus Brendan Lemieux in neutral zone.
3:57 of 1st period - Tyler Johnson is hit by Riley Stillman and loses puck.
4:09 of 1st period - Brendan Lemieux is hit by Carson Soucy and loses puck.
4:48 of 1st period - Shot by Yan Gourde.
4:48 of 1st period - Stopped by Alex Lyon without a rebound.
4:49 of 1st period - Vincent Trocheck wins face-off versus Jack Roslovic in NEW YORK Islanders zone.
5:07 of 1st period - Icing by Sven Baertschi.
5:08 of 1st period - Jeff Skinner wins face-off versus Jack Roslovic in COLUMBUS Blue Jackets zone.
6:37 of 1st period - Shot by Brendan Leipsic.
6:37 of 1st period - Stopped by Chris Driedger with a rebound.
7:37 of 1st period - Adam Pelech is hit by Yan Gourde and loses puck.
8:04 of 1st period - Nicklas Backstrom is hit by William Lagesson and loses puck.
8:09 of 1st period - Shot by Brendan Lemieux.
8:09 of 1st period - Shot Misses the Net.
8:11 of 1st period - Shot by Calle Rosen.
8:11 of 1st period - Shot Blocked by Carson Soucy.
8:13 of 1st period - Shot by Adam Pelech.
8:13 of 1st period - Stopped by Chris Driedger with a rebound.
8:15 of 1st period - Shot by Adam Pelech.
8:15 of 1st period - Shot Misses the Net.
8:53 of 1st period - Shot by Nino Niederreiter.
8:53 of 1st period - Shot Blocked by Kevin Shattenkirk.
9:27 of 1st period - Vincent Trocheck is hit by Will Borgen and loses puck.
9:37 of 1st period - Ilya Mikheyev is hit by Will Borgen and loses puck.
9:43 of 1st period - Minor Penalty to Will Borgen for Cross-checking.
9:44 of 1st period - Josh Bailey wins face-off versus Colin Blackwell in COLUMBUS Blue Jackets zone.
10:12 of 1st period - Shot by Anthony Duclair.
10:12 of 1st period - Stopped by Chris Driedger without a rebound.
10:13 of 1st period - Jack Roslovic wins face-off versus Jeff Skinner in COLUMBUS Blue Jackets zone.
10:49 of 1st period - Icing by Marco Scandella.
10:50 of 1st period - Jeff Skinner wins face-off versus Jack Roslovic in NEW YORK Islanders zone.
11:27 of 1st period - Shot by Bo Horvat.
11:27 of 1st period - Stopped by Alex Lyon without a rebound.
11:28 of 1st period - Jack Roslovic wins face-off versus Josh Bailey in NEW YORK Islanders zone.
11:46 of 1st period - Icing by Bo Horvat.
11:47 of 1st period - Bo Horvat wins face-off versus Vincent Trocheck in COLUMBUS Blue Jackets zone.
12:19 of 1st period - Shot by Bo Horvat.
12:19 of 1st period - Stopped by Alex Lyon without a rebound.
12:20 of 1st period - Pierre-luc Dubois wins face-off versus Josh Bailey in NEW YORK Islanders zone.
12:36 of 1st period - Icing by Adam Pelech.
12:37 of 1st period - Jack Roslovic wins face-off versus Josh Bailey in NEW YORK Islanders zone.
12:38 of 1st period - Shot by John Marino.
12:38 of 1st period - Stopped by Alex Lyon with a rebound.
14:33 of 1st period - Shot by Jeff Skinner.
14:33 of 1st period - Shot Blocked by Justin Danforth.
14:37 of 1st period - Shot by Jeff Skinner.
14:37 of 1st period - Shot Misses the Net.
14:39 of 1st period - Shot by Kyle Palmieri.
14:39 of 1st period - Deflect By Jeff Skinner.
14:39 of 1st period - Shot Misses the Net.
15:14 of 1st period - Icing by Brendan Leipsic.
15:15 of 1st period - Jack Roslovic wins face-off versus Vincent Trocheck in NEW YORK Islanders zone.
15:16 of 1st period - Shot by Sven Baertschi.
15:16 of 1st period - Shot Blocked by Brendan Leipsic.
15:18 of 1st period - Shot by Artturi Lehkonen.
15:18 of 1st period - Shot Misses the Net.
15:41 of 1st period - Off-side.
15:42 of 1st period - Nicklas Backstrom wins face-off versus Bo Horvat in neutral zone.
16:08 of 1st period - Shot by Nicklas Backstrom.
16:08 of 1st period - Stopped by Chris Driedger without a rebound.
16:09 of 1st period - Jack Roslovic wins face-off versus Jeff Skinner in COLUMBUS Blue Jackets zone.
16:11 of 1st period - Icing by Pierre-luc Dubois.
16:12 of 1st period - Jeff Skinner wins face-off versus Jack Roslovic in COLUMBUS Blue Jackets zone.
16:23 of 1st period - Shot by Pierre-luc Dubois.
16:23 of 1st period - Stopped by Alex Lyon without a rebound.
16:24 of 1st period - Josh Bailey wins face-off versus Jack Roslovic in NEW YORK Islanders zone.
16:45 of 1st period - Patrik Laine is hit by Pierre-luc Dubois and loses puck.
17:48 of 1st period - Minor Penalty to Jeff Skinner for Holding.
17:49 of 1st period - Tyler Johnson wins face-off versus Kyle Palmieri in NEW YORK Islanders zone.
17:50 of 1st period - Shot by Jack Roslovic.
17:50 of 1st period - Stopped by Alex Lyon without a rebound.
17:51 of 1st period - Kyle Palmieri wins face-off versus Pierre-luc Dubois in NEW YORK Islanders zone.
18:38 of 1st period - Shot by Yan Gourde.
18:38 of 1st period - Stopped by Alex Lyon without a rebound.
18:39 of 1st period - Adam Henrique wins face-off versus Bo Horvat in NEW YORK Islanders zone.
18:58 of 1st period - Kevin Shattenkirk is hit by Bo Horvat and loses puck.
Goals for this period are 0 for NEW YORK Islanders vs 1 for COLUMBUS Blue Jackets .
Shots for this period are 5 for NEW YORK Islanders vs 9 for COLUMBUS Blue Jackets .

2nd period


0:01 of 2nd period - Jeff Skinner wins face-off versus Jack Roslovic in neutral zone.
0:14 of 2nd period - Shot by Pierre-luc Dubois.
0:14 of 2nd period - Shot Misses the Net.
0:16 of 2nd period - Shot by Jack Roslovic.
0:16 of 2nd period - Stopped by Alex Lyon with a rebound.
0:18 of 2nd period - Shot by Pierre-luc Dubois.
0:18 of 2nd period - Stopped by Alex Lyon with a rebound.
0:20 of 2nd period - Shot by Tyler Johnson.
0:20 of 2nd period - Stopped by Alex Lyon without a rebound.
0:21 of 2nd period - Bo Horvat wins face-off versus Josh Bailey in NEW YORK Islanders zone.
0:26 of 2nd period - Shot by Bo Horvat.
0:26 of 2nd period - Deflect By Yan Gourde.
0:26 of 2nd period - Shot Misses the Net.
0:28 of 2nd period - Shot by Colin Blackwell.
0:28 of 2nd period - Stopped by Alex Lyon without a rebound.
0:29 of 2nd period - Jack Roslovic wins face-off versus Jeff Skinner in NEW YORK Islanders zone.
0:32 of 2nd period - Shot by Pierre-luc Dubois.
0:32 of 2nd period - Stopped by Alex Lyon without a rebound.
0:33 of 2nd period - Jeff Skinner wins face-off versus Jack Roslovic in NEW YORK Islanders zone.
0:58 of 2nd period - Shot by Adam Henrique.
0:58 of 2nd period - Shot Misses the Net.
1:02 of 2nd period - Shot by Kevin Shattenkirk.
1:02 of 2nd period - Shot Blocked by Dante Fabbro.
1:53 of 2nd period - Shot by Patrik Laine.
1:53 of 2nd period - Goal by Patrik Laine - NEW YORK Islanders : 1 - COLUMBUS Blue Jackets : 1.
1:54 of 2nd period - Jack Roslovic wins face-off versus Vincent Trocheck in neutral zone.
1:57 of 2nd period - Nikolai Knyzhov is hit by Artturi Lehkonen and loses puck.
2:10 of 2nd period - Shot by Ilya Mikheyev.
2:10 of 2nd period - Shot Blocked by Will Borgen.
2:26 of 2nd period - Shot by Artturi Lehkonen.
2:26 of 2nd period - Stopped by Alex Lyon without a rebound.
2:27 of 2nd period - Bo Horvat wins face-off versus Josh Bailey in NEW YORK Islanders zone.
2:32 of 2nd period - Shot by Yan Gourde.
2:32 of 2nd period - Shot Misses the Net.
2:58 of 2nd period - Shot by Dante Fabbro.
2:58 of 2nd period - Stopped by Alex Lyon without a rebound.
2:59 of 2nd period - Pierre-luc Dubois wins face-off versus Jeff Skinner in NEW YORK Islanders zone.
3:06 of 2nd period - Shot by Pierre-luc Dubois.
3:06 of 2nd period - Stopped by Alex Lyon without a rebound.
3:07 of 2nd period - Pierre-luc Dubois wins face-off versus Jeff Skinner in NEW YORK Islanders zone.
3:18 of 2nd period - Shot by Pierre-luc Dubois.
3:18 of 2nd period - Shot Misses the Net.
3:28 of 2nd period - Shot by Adam Henrique.
3:28 of 2nd period - Shot Blocked by Pierre-luc Dubois.
3:35 of 2nd period - Jeff Skinner is hit by William Lagesson and loses puck.
3:38 of 2nd period - Shot by Adam Henrique.
3:38 of 2nd period - Stopped by Chris Driedger without a rebound.
3:39 of 2nd period - Bo Horvat wins face-off versus Vincent Trocheck in COLUMBUS Blue Jackets zone.
4:38 of 2nd period - Shot by Tyler Johnson.
4:38 of 2nd period - Goal by Tyler Johnson - NEW YORK Islanders : 1 - COLUMBUS Blue Jackets : 2.
4:39 of 2nd period - Jack Roslovic wins face-off versus Jeff Skinner in neutral zone.
4:44 of 2nd period - Shot by Pierre-luc Dubois.
4:44 of 2nd period - Shot Misses the Net.
6:19 of 2nd period - John Marino is hit by Adam Pelech and loses puck.
7:04 of 2nd period - Icing by John Marino.
7:05 of 2nd period - Bo Horvat wins face-off versus Jeff Skinner in COLUMBUS Blue Jackets zone.
7:34 of 2nd period - Shot by Jeff Skinner.
7:34 of 2nd period - Goal by Jeff Skinner - NEW YORK Islanders : 2 - COLUMBUS Blue Jackets : 2.
7:35 of 2nd period - Josh Bailey wins face-off versus Jack Roslovic in neutral zone.
8:10 of 2nd period - Shot by Anthony Duclair.
8:10 of 2nd period - Shot Misses the Net.
8:12 of 2nd period - Shot by Josh Bailey.
8:12 of 2nd period - Stopped by Chris Driedger with a rebound.
8:17 of 2nd period - Shot by Nikolai Knyzhov.
8:17 of 2nd period - Stopped by Chris Driedger without a rebound.
8:18 of 2nd period - Jeff Skinner wins face-off versus Jack Roslovic in COLUMBUS Blue Jackets zone.
8:19 of 2nd period - Shot by Kyle Palmieri.
8:19 of 2nd period - Stopped by Chris Driedger without a rebound.
8:20 of 2nd period - Jeff Skinner wins face-off versus Justin Danforth in COLUMBUS Blue Jackets zone.
8:40 of 2nd period - Shot by Pierre-luc Dubois.
8:40 of 2nd period - Stopped by Alex Lyon with a rebound.
9:22 of 2nd period - Shot by Jack Roslovic.
9:22 of 2nd period - Stopped by Alex Lyon without a rebound.
9:23 of 2nd period - Josh Bailey wins face-off versus Sven Baertschi in NEW YORK Islanders zone.
9:32 of 2nd period - Shot by Josh Bailey.
9:32 of 2nd period - Shot Blocked by Will Borgen.
9:58 of 2nd period - Shot by Anthony Duclair.
9:58 of 2nd period - Shot Misses the Net.
10:00 of 2nd period - Shot by Anthony Duclair.
10:00 of 2nd period - Deflect By Patrik Laine.
10:00 of 2nd period - Shot Misses the Net.
10:41 of 2nd period - Shot by Ilya Mikheyev.
10:41 of 2nd period - Shot Misses the Net.
10:43 of 2nd period - Shot by Adam Pelech.
10:43 of 2nd period - Stopped by Chris Driedger without a rebound.
10:44 of 2nd period - Bo Horvat wins face-off versus Jeff Skinner in COLUMBUS Blue Jackets zone.
11:49 of 2nd period - Icing by Dante Fabbro.
11:50 of 2nd period - Josh Bailey wins face-off versus Bo Horvat in COLUMBUS Blue Jackets zone.
12:03 of 2nd period - Shot by Anthony Duclair.
12:03 of 2nd period - Stopped by Chris Driedger without a rebound.
12:04 of 2nd period - Pierre-luc Dubois wins face-off versus Vincent Trocheck in COLUMBUS Blue Jackets zone.
12:33 of 2nd period - William Lagesson is hit by Vincent Trocheck.
13:09 of 2nd period - Shot by Kyle Palmieri.
13:09 of 2nd period - Shot Misses the Net.
13:47 of 2nd period - Shot by Artturi Lehkonen.
13:47 of 2nd period - Stopped by Alex Lyon without a rebound.
13:48 of 2nd period - Bo Horvat wins face-off versus Josh Bailey in NEW YORK Islanders zone.
13:53 of 2nd period - Shot by Colin Blackwell.
13:53 of 2nd period - Shot Misses the Net.
13:58 of 2nd period - Off-side.
13:59 of 2nd period - Nicklas Backstrom wins face-off versus Bo Horvat in neutral zone.
14:53 of 2nd period - Shot by Kyle Palmieri.
14:53 of 2nd period - Stopped by Chris Driedger with a rebound.
15:25 of 2nd period - Shot by Jeff Skinner.
15:25 of 2nd period - Goal by Jeff Skinner - NEW YORK Islanders : 3 - COLUMBUS Blue Jackets : 2.
15:26 of 2nd period - Jack Roslovic wins face-off versus Josh Bailey in neutral zone.
15:31 of 2nd period - Shot by Sven Baertschi.
15:31 of 2nd period - Deflect By Jack Roslovic.
15:31 of 2nd period - Shot Misses the Net.
15:33 of 2nd period - Shot by Sven Baertschi.
15:33 of 2nd period - Shot Misses the Net.
15:43 of 2nd period - Shot by Artturi Lehkonen.
15:43 of 2nd period - Goal by Artturi Lehkonen - NEW YORK Islanders : 3 - COLUMBUS Blue Jackets : 3.
15:44 of 2nd period - Pierre-luc Dubois wins face-off versus Vincent Trocheck in neutral zone.
16:26 of 2nd period - Shot by Ilya Mikheyev.
16:26 of 2nd period - Shot Blocked by Carson Soucy.
16:39 of 2nd period - Icing by Nino Niederreiter.
16:40 of 2nd period - Nino Niederreiter wins face-off versus Jeff Skinner in COLUMBUS Blue Jackets zone.
16:55 of 2nd period - Shot by Kyle Palmieri.
16:55 of 2nd period - Stopped by Chris Driedger without a rebound.
16:56 of 2nd period - Patrik Laine wins face-off versus Jack Roslovic in COLUMBUS Blue Jackets zone.
17:07 of 2nd period - Shot by Josh Bailey.
17:07 of 2nd period - Stopped by Chris Driedger with a rebound.
17:09 of 2nd period - Shot by Nikolai Knyzhov.
17:09 of 2nd period - Shot Blocked by John Marino.
17:11 of 2nd period - Shot by Patrik Laine.
17:11 of 2nd period - Stopped by Chris Driedger without a rebound.
17:12 of 2nd period - Jeff Skinner wins face-off versus Bo Horvat in COLUMBUS Blue Jackets zone.
17:49 of 2nd period - Shot by Kyle Palmieri.
17:49 of 2nd period - Shot Misses the Net.
17:58 of 2nd period - Minor Penalty to Marco Scandella for Hooking.
17:59 of 2nd period - Kyle Palmieri wins face-off versus Jack Roslovic in NEW YORK Islanders zone.
19:38 of 2nd period - Patrik Laine is hit by Yan Gourde and loses puck.
19:53 of 2nd period - Riley Stillman is hit by Pierre-luc Dubois and loses puck.
Goals for this period are 3 for NEW YORK Islanders vs 2 for COLUMBUS Blue Jackets .
Shots for this period are 13 for NEW YORK Islanders vs 13 for COLUMBUS Blue Jackets .

3rd period


0:01 of 3rd period - Jack Roslovic wins face-off versus Jeff Skinner in neutral zone.
0:10 of 3rd period - Shot by Jeff Skinner.
0:10 of 3rd period - Shot Misses the Net.
1:01 of 3rd period - Icing by William Lagesson.
1:02 of 3rd period - Bo Horvat wins face-off versus Josh Bailey in COLUMBUS Blue Jackets zone.
1:21 of 3rd period - Shot by Anthony Duclair.
1:21 of 3rd period - Shot Misses the Net.
1:23 of 3rd period - Shot by Josh Bailey.
1:23 of 3rd period - Stopped by Chris Driedger without a rebound.
1:24 of 3rd period - Jack Roslovic wins face-off versus Vincent Trocheck in COLUMBUS Blue Jackets zone.
1:37 of 3rd period - Shot by Jack Roslovic.
1:37 of 3rd period - Goal by Jack Roslovic - NEW YORK Islanders : 3 - COLUMBUS Blue Jackets : 4.
1:38 of 3rd period - Josh Bailey wins face-off versus Pierre-luc Dubois in neutral zone.
1:43 of 3rd period - Shot by Anthony Duclair.
1:43 of 3rd period - Shot Blocked by Nino Niederreiter.
1:55 of 3rd period - Shot by Josh Bailey.
1:55 of 3rd period - Stopped by Chris Driedger without a rebound.
1:56 of 3rd period - Jack Roslovic wins face-off versus Jeff Skinner in COLUMBUS Blue Jackets zone.
2:05 of 3rd period - Shot by Artturi Lehkonen.
2:05 of 3rd period - Shot Blocked by Marco Scandella.
2:08 of 3rd period - Icing by Kevin Shattenkirk.
2:09 of 3rd period - Jack Roslovic wins face-off versus Jeff Skinner in NEW YORK Islanders zone.
2:13 of 3rd period - Icing by Jeff Skinner.
2:14 of 3rd period - Jack Roslovic wins face-off versus Jeff Skinner in NEW YORK Islanders zone.
2:14 of 3rd period - Tyler Johnson is hit by Marco Scandella and loses puck.
2:32 of 3rd period - Icing by Kevin Shattenkirk.
2:33 of 3rd period - Bo Horvat wins face-off versus Jeff Skinner in NEW YORK Islanders zone.
2:59 of 3rd period - Colin Blackwell is hit by Marco Scandella and loses puck.
4:33 of 3rd period - Shot by Pierre-luc Dubois.
4:33 of 3rd period - Stopped by Alex Lyon without a rebound.
4:34 of 3rd period - Nicklas Backstrom wins face-off versus Jack Roslovic in NEW YORK Islanders zone.
4:41 of 3rd period - Artturi Lehkonen is hit by Brendan Lemieux and loses puck.
6:09 of 3rd period - Off-side.
6:10 of 3rd period - Anthony Duclair wins face-off versus Bo Horvat in neutral zone.
6:44 of 3rd period - Shot by Yan Gourde.
6:44 of 3rd period - Stopped by Alex Lyon without a rebound.
6:45 of 3rd period - Jack Roslovic wins face-off versus Adam Henrique in NEW YORK Islanders zone.
6:48 of 3rd period - Shot by Tyler Johnson.
6:48 of 3rd period - Stopped by Alex Lyon without a rebound.
6:49 of 3rd period - Jeff Skinner wins face-off versus Pierre-luc Dubois in NEW YORK Islanders zone.
6:49 of 3rd period - Jeff Skinner is hit by Justin Danforth.
7:02 of 3rd period - Adam Henrique is hit by Dante Fabbro and loses puck.
7:17 of 3rd period - Shot by Nino Niederreiter.
7:17 of 3rd period - Stopped by Alex Lyon without a rebound.
7:18 of 3rd period - Josh Bailey wins face-off versus Jack Roslovic in NEW YORK Islanders zone.
7:18 of 3rd period - Josh Bailey is hit by Sven Baertschi.
7:48 of 3rd period - Josh Bailey is hit by Will Borgen and loses puck.
9:00 of 3rd period - Shot by Yan Gourde.
9:00 of 3rd period - Shot Misses the Net.
9:08 of 3rd period - Marco Scandella is hit by Yan Gourde.
9:36 of 3rd period - Shot by Ilya Mikheyev.
9:36 of 3rd period - Stopped by Chris Driedger without a rebound.
9:37 of 3rd period - Jack Roslovic wins face-off versus Nicklas Backstrom in COLUMBUS Blue Jackets zone.
9:56 of 3rd period - Shot by Jack Roslovic.
9:56 of 3rd period - Stopped by Alex Lyon with a rebound.
9:58 of 3rd period - Shot by Pierre-luc Dubois.
9:58 of 3rd period - Shot Misses the Net.
10:02 of 3rd period - Shot by Pierre-luc Dubois.
10:02 of 3rd period - Shot Misses the Net.
10:04 of 3rd period - Shot by Tyler Johnson.
10:04 of 3rd period - Shot Misses the Net.
10:06 of 3rd period - Shot by Tyler Johnson.
10:06 of 3rd period - Shot Misses the Net.
10:10 of 3rd period - Shot by Jack Roslovic.
10:10 of 3rd period - Shot Blocked by Adam Pelech.
10:34 of 3rd period - Shot by Yan Gourde.
10:34 of 3rd period - Shot Blocked by Riley Stillman.
11:13 of 3rd period - Shot by Jack Roslovic.
11:13 of 3rd period - Shot Blocked by Riley Stillman.
11:17 of 3rd period - Shot by Artturi Lehkonen.
11:17 of 3rd period - Shot Misses the Net.
11:24 of 3rd period - Off-side.
11:25 of 3rd period - Pierre-luc Dubois wins face-off versus Jeff Skinner in neutral zone.
11:30 of 3rd period - Shot by Nino Niederreiter.
11:30 of 3rd period - Stopped by Alex Lyon without a rebound.
11:31 of 3rd period - Pierre-luc Dubois wins face-off versus Jeff Skinner in NEW YORK Islanders zone.
11:33 of 3rd period - Minor Penalty to Pierre-luc Dubois for Hooking.
11:34 of 3rd period - Jack Roslovic wins face-off versus Jeff Skinner in COLUMBUS Blue Jackets zone.
12:14 of 3rd period - Shot by Kevin Shattenkirk.
12:14 of 3rd period - Shot Misses the Net.
12:16 of 3rd period - Shot by Kyle Palmieri.
12:16 of 3rd period - Shot Misses the Net.
12:40 of 3rd period - Off-side.
12:41 of 3rd period - Josh Bailey wins face-off versus Sven Baertschi in neutral zone.
13:35 of 3rd period - Brendan Leipsic is hit by Will Borgen.
13:53 of 3rd period - Icing by Pierre-luc Dubois.
13:54 of 3rd period - Justin Danforth wins face-off versus Nicklas Backstrom in COLUMBUS Blue Jackets zone.
13:59 of 3rd period - Marco Scandella is hit by Pierre-luc Dubois and loses puck.
14:15 of 3rd period - Kevin Shattenkirk is hit by Will Borgen and loses puck.
15:03 of 3rd period - Icing by John Marino.
15:04 of 3rd period - Yan Gourde wins face-off versus Jeff Skinner in COLUMBUS Blue Jackets zone.
15:42 of 3rd period - Shot by Kyle Palmieri.
15:42 of 3rd period - Stopped by Chris Driedger with a rebound.
16:01 of 3rd period - Minor Penalty to Patrik Laine for Roughing.
16:02 of 3rd period - Kyle Palmieri wins face-off versus Jack Roslovic in NEW YORK Islanders zone.
16:24 of 3rd period - Shot by Tyler Johnson.
16:24 of 3rd period - Deflect By Jack Roslovic.
16:24 of 3rd period - Goal by Jack Roslovic - NEW YORK Islanders : 3 - COLUMBUS Blue Jackets : 5.
16:25 of 3rd period - Bo Horvat wins face-off versus Anthony Duclair in neutral zone.
16:31 of 3rd period - Icing by Anthony Duclair.
16:32 of 3rd period - Josh Bailey wins face-off versus Jack Roslovic in NEW YORK Islanders zone.
17:12 of 3rd period - Shot by Anthony Duclair.
17:12 of 3rd period - Stopped by Chris Driedger with a rebound.
17:56 of 3rd period - Shot by Colin Blackwell.
17:56 of 3rd period - Shot Misses the Net.
17:58 of 3rd period - Shot by Yan Gourde.
17:58 of 3rd period - Goal by Yan Gourde - NEW YORK Islanders : 3 - COLUMBUS Blue Jackets : 6.
17:59 of 3rd period - Jeff Skinner wins face-off versus Pierre-luc Dubois in neutral zone.
18:06 of 3rd period - Shot by Nino Niederreiter.
18:06 of 3rd period - Stopped by Alex Lyon with a rebound.
18:08 of 3rd period - Shot by Justin Danforth.
18:08 of 3rd period - Shot Hit the Post.
Goals for this period are 0 for NEW YORK Islanders vs 3 for COLUMBUS Blue Jackets .
Shots for this period are 5 for NEW YORK Islanders vs 10 for COLUMBUS Blue Jackets .